 Dungeon Crawl Stone Soup version 0.28-a0-1477-g273aa18710 (webtiles) character file.

Game seed: 12339300294796799089

109 Cheeritup the Grave Robber (level 4, -5/31 HPs)
             Began as a Demonspawn Necromancer on Jan 11, 2022.
             Slain by Menkaure (7 damage)
             ... on level 5 of the Dungeon.
             The game lasted 00:08:57 (3534 turns).

Cheeritup the Grave Robber (Demonspawn Necromancer) Turns: 3534, Time: 00:08:58

Health: -5/31      AC:  5    Str:  9    XL:     4   Next: 59%
Magic:  0/7        EV: 11    Int: 18    God:
Gold:   85         SH:  0    Dex: 13    Spells: 2/7 levels left

rFire   . . .      SeeInvis .   m - +0 long sword
rCold   + . .      Faith    .   (no shield)
rNeg    . . .      Spirit   +   g - +0 leather armour
rPois   .          Reflect  .   (no helmet)
rElec   .          Harm     .   i - +1 cloak
rCorr   .          Rampage  .   (no gloves)
Will    +....                   (no boots)
Stlth   ++........              (no amulet)
HPRegen 0.10/turn               d - ring of willpower
MPRegen 0.20/turn               j - ring of protection from cold

@: no status effects
A: magic shield, magic regeneration
a: no special abilities


You were on level 5 of the Dungeon.
You visited 1 branch of the dungeon, and saw 5 of its levels.

You collected 85 gold pieces.

Inventory:

Hand Weapons
 a - a +0 short sword
 m - a +0 long sword (weapon)
Missiles
 f - 5 javelins
Armour
 g - a +0 leather armour (worn)
 i - a +1 cloak (worn)
Jewellery
 d - a ring of willpower (left hand)
 j - a ring of protection from cold (right hand)
 l - a ring of protection from fire
Wands
 k - a wand of flame (26)
Scrolls
 b - a scroll of amnesia
Potions
 c - a potion of heal wounds
 n - a potion of mutation {unknown}
 o - a potion of attraction {unknown}
 p - a potion of berserk rage {unknown}


   Skills:
 + Level 0.8 Fighting
 + Level 0.6 Armour
 - Level 2.0 Dodging
 - Level 1.7 Stealth
 - Level 2.0 Spellcasting
 + Level 6.3 Necromancy


You had 2 spell levels left.
You knew the following spells:

 Your Spells              Type           Power      Damage    Failure   Level
a - Pain                  Necr           96%        1d8       1%          1
b - Vampiric Draining     Necr           24%        2d7       5%          3
c - Animate Skeleton      Necr           48%        N/A       1%          1

Your spell library contained the following spells:

 Spells                   Type           Power      Damage    Failure   Level
 Animate Dead             Necr           12%        N/A       19%         4
 Agony                    Necr           24%        N/A       45%         5
 Leda's Liquefaction      Hex/Erth       0%         N/A       94%         4
 Lee's Rapid Deconstruct  Erth           0%         3d5*      100%        5
 Statue Form              Tmut/Erth      0%         N/A       100%        6


Dungeon Overview and Level Annotations

Branches:
Dungeon (5/15)
 Temple: D:4-7

Altars:

Annotations:
D:3 Sigmund
D:5 Menkaure


Innate Abilities, Weirdness & Mutations

When hurt, damage is shared between your health and your magic reserves.
You regenerate magic rapidly.


Message History

You fade into invisibility!
A water moccasin skeleton comes into view.
The kobold throws a stone.
The stone barely misses you.
Found a stone staircase leading up.
Menkaure gestures wildly while chanting.
Menkaure seems to speed up.
Menkaure points at you and mumbles some strange words.
Pain shoots through your body!
The kobold throws a stone.
A necrophage comes into view.
You see here a book of Spectacle.
The water moccasin skeleton closely misses you.
You flicker for a moment.
Menkaure rustles, "Let me perform the rites..."
Menkaure calls on the powers of darkness!
Your body is wracked with pain!
The kobold convulses!
There is a stone staircase leading down here.
Menkaure points at you and mumbles some strange words.
Pain shoots through your body!
You climb downwards.
There is a stone staircase leading up here.
Menkaure misses you. Menkaure hits you!
* * * LOW HITPOINT WARNING * * *
Menkaure shrieks, "Why can't you leave me to my rest?"
Found a Trismegistus Codex.
You flicker back into view.
Menkaure calls on the powers of darkness!
You feel a surge of unholy energy.
Found 12 gold pieces.
Menkaure gestures at you while chanting.
You resist with some effort.
Found 3 gold pieces.
A bullfrog zombie comes into view.
Menkaure calls on the powers of darkness!
You feel a surge of unholy energy.
The bullfrog zombie hits you but does no damage.
The bullfrog zombie misses you.
Found a pink potion.
The bullfrog zombie hits you.
* * * LOW HITPOINT WARNING * * *
Menkaure hits you!
You die...

..............# ..#
................# #.#
................# #.##
................###..###
........................
...........$....###.##..
#..!...........##.......
#.....#Z.....###M#..##.
#...@M#######..##.#
.....#.### #...## .# ###
#. ##.### .. #. #..# ..#
.. ##.#####.###
#######.........
####......###....
.................
###.#...###....


You could see Menkaure (fast) and a bullfrog zombie.

Vanquished Creatures
  An orc wizard (D:3)
  3 adders
  A dart slug (D:1)
  4 orcs (D:3)
  A ball python (D:1)
  6 bats
  7 endoplasms
  2 giant cockroaches
  4 goblins
  4 hobgoblins
  5 kobolds
  A quokka (D:1)
  3 frilled lizards
  6 rats
48 creatures vanquished.

Notes
Turn   | Place    | Note
-------+----------+-------------------------------------------
     0 | D:1      | Cheeritup the Demonspawn Necromancer began the quest for
                  | the Orb.
     0 | D:1      | Reached XP level 1. HP: 13/13 MP: 3/3
   426 | D:1      | Gained mutation: You regenerate magic rapidly. [demonic
                  | ancestry]
   426 | D:1      | Reached XP level 2. HP: 19/19 MP: 3/5
   453 | D:1      | Reached skill level 5 in Necromancy
   955 | D:1      | Found a faded altar of an unknown god.
  1257 | D:2      | Reached XP level 3. HP: 11/24 MP: 2/6
  1261 | D:2      | Learned a level 3 spell: Vampiric Draining
  1684 | D:2      | Reached skill level 6 in Necromancy
  2361 | D:3      | Noticed Sigmund
  2550 | D:3      | Learned a level 1 spell: Animate Skeleton
  2606 | D:3      | Noticed a sky beast
  3085 | D:3      | Gained mutation: When hurt, damage is shared between your
                  | health and your magic reserves. [demonic ancestry]
  3085 | D:3      | Reached XP level 4. HP: 28/30 MP: 4/7
  3496 | D:4      | Noticed Menkaure
  3501 | D:4      | Noticed a necrophage
  3509 | D:5      | Entered Level 5 of the Dungeon
  3510 | D:5      | HP: 1/31 [Menkaure (9)]
  3534 | D:5      | Slain by Menkaure

Illustrated notes

Levels and vault maps discovered:
D:1:      dpeg_arrival_radiant, layout_loops_corners,
          hellmonk_ecumenical_altar_heavens_door
D:2:      layout_basic, minmay_diced_spiral
D:3:      layout_rooms, uniq_sigmund
D:4:      layout_rooms, uniq_robin, uniq_menkaure
D:5:      layout_rooms, mainiacjoe_overflow_alcove_2,
          grunt_temple_overflow_order_and_chaos_2

Skill      XL: |  1  2  3  4 |
---------------+-------------+-----
Necromancy     | 5 6 |  6.3
Dodging        | 2 |  2.0
Fighting       | |  0.8
Armour         | |  0.6
Stealth        | |  1.7
Spellcasting   | |  2.0

Action                   |  1- 3 |  4- 6 || total
-------------------------+-------+-------++-------
Melee: Mace              |    13 |       ||    13
       Short sword       |    11 |       ||    11
       Long sword        |     1 |    16 ||    17
 Cast: Pain              |    57 |     7 ||    64
       Animate Skeleton  |     4 |     4 ||     8
       Vampiric Draining |     2 |     3 ||     5
  Use: Scroll            |     3 |     3 ||     6
       Potion            |       |     1 ||     1
Armor: Robe              |     3 |       ||     3
       Leather armour    |     9 |    13 ||    22
Dodge: Dodged            |    25 |     9 ||    34

Table legend: (Time is in decaauts)
 A = Elapsed time spent in this place.
 B = Non-inter-level travel time spent in this place.
 C = Inter-level travel time spent in this place.
 D = Time resting spent in this place.
 E = Time spent auto-exploring this place.
 F = Levels seen in this place.
 G = Mean time per level.
                   A        B        C        D        E       F      G
               +--------+--------+--------+--------+--------+-----+--------+
         Total |   3543 |   3427 |    116 |    565 |   2083 |   5 |  708.6 |
       Dungeon |   3543 |   3427 |    116 |    565 |   2083 |   5 |  708.6 |
               +--------+--------+--------+--------+--------+-----+--------+

Top non-repeatable levels by time:
     D:1: 1237 daAuts
     D:2: 1177 daAuts
     D:3: 1091 daAuts
     D:5: 24 daAuts
     D:4: 12 daAuts
